 Dungeon Crawl Stone Soup version 0.27-a0-343-gfcad680f63 (webtiles) character file.

Game seed: 16023540107990612242

57 dickylongcocking the Sneak (level 4, -20/31 HPs)
             Began as an Octopode Delver on Feb 14, 2021.
             Demolished by an ogre
             ... wielding a +0 giant club
              (25 damage)
             ... on level 5 of the Dungeon.
             The game lasted 00:00:13 (374 turns).

dickylongcocking the Sneak (Octopode Delver)         Turns: 374, Time: 00:00:14

Health: -20/31     AC:  1    Str: 11    XL:     4   Next: 0%
Magic:  4/4        EV: 13    Int: 13    God:
Gold:   0          SH:  0    Dex: 13    Spells: 3/3 levels left

rFire    . . .     SeeInvis .     - Unarmed
rCold    . . .     Faith    .   (no shield)
rNeg     . . .     Spirit   .   (helmet restricted)
rPois    .         Reflect  .   (no amulet)
rElec    .         Harm     .   (no ring)
rCorr    .         Rampage  .   (no ring)
Will     .....                  (no ring)
Stlth    ++++......             (no ring)
HPRegen  0.10/turn              (no ring)
MPRegen  0.09/turn              (no ring)
                                (no ring)
                                (no ring)

@: no status effects
A: almost no armour, stealthy swim, amphibious, 8 rings, constrict 8, camouflage
1, gelatinous body 1
a: no special abilities


You were on level 5 of the Dungeon.
You visited 1 branch of the dungeon, and saw 1 of its levels.

Inventory:

Wands
 e - a wand of digging (3)
 g - a wand of charming (7)
Scrolls
 a - a scroll of fog
 b - a scroll of magic mapping
 c - a scroll of fear
 f - a scroll of random uselessness {unknown}
Potions
 d - a potion of haste


   Skills:
 - Level 3.0 Fighting
 - Level 2.0 Dodging
 - Level 6.6 Stealth
 * Level 4.1 Unarmed Combat


You had 3 spell levels left.
You didn't know any spells.
Your spell library was empty.

Dungeon Overview and Level Annotations

Branches:
Dungeon (5/15)
 Temple: D:4-7

Altars:


Innate Abilities, Weirdness & Mutations

You cannot wear most types of armour.
You are very stealthy in the water. (Stealth+)
You are amphibious.
You can wear up to eight rings at the same time.
You can use your tentacles to constrict eight enemies at once.
Your skin changes colour to match your surroundings (Stealth+).
Your rubbery body absorbs attacks. (AC +1, EV +1)


Message History

You are too injured to fight recklessly!
You tentacle-slap the jackal but do no damage.
You grab the jackal. You constrict the jackal. The jackal misses you.
The jackal closely misses you.
You are too injured to fight recklessly!
You tentacle-slap the jackal. x2
You kill the jackal!
You tentacle-slap the jackal. You grab the jackal.
The jackal is moderately wounded.
You constrict the jackal, but do no damage.
The jackal closely misses you. The jackal bites you.
You are too injured to fight recklessly!
You barely miss the frilled lizard. You grab the frilled lizard.
You squeeze the frilled lizard.
You kill the frilled lizard!
You constrict the jackal. The jackal closely misses you.
You are too injured to fight recklessly!
You release your grip on the jackal.
You closely miss the jackal. You grab the jackal. You squeeze the jackal.
You kill the jackal!
You have reached level 4!
Found a stone staircase leading down.
g - a wand of charming (7) No target in view!
An ogre comes into view. It is wielding a +0 giant club.
An ogre is nearby!
The ogre shouts!
An ogre is nearby!
You tentacle-slap the ogre but do no damage.
The ogre closely misses you.
You tentacle-slap the ogre.
The ogre is lightly wounded.
The ogre hits you with a +0 giant club!!
Ouch! That really hurt!
* * * LOW HITPOINT WARNING * * *
You tentacle-slap the ogre.
The ogre is moderately wounded.
The ogre hits you with a +0 giant club!!
Ouch! That really hurt!
You die...

#.####.#
##+## #.#
#.#
#.####.#
#......#
#.#######
#.###...
# #.#...
.^.
#.#.#...#
#.@....#
###O####
.# .# ..
##


You could see an ogre.

Vanquished Creatures
  A scorpion (D:5)
  An orc (D:5)
  4 jackals (D:5)
  A frilled lizard (D:5)
7 creatures vanquished.

Notes
Turn   | Place    | Note
-------+----------+-------------------------------------------
     0 | D:5      | dickylongcocking the Octopode Delver began the quest for
                  | the Orb.
     0 | D:5      | Reached XP level 1. HP: 16/16 MP: 1/1
     9 | D:5      | Noticed a scorpion
    12 | D:5      | Killed a scorpion
    13 | D:5      | Reached XP level 2. HP: 21/21 MP: 2/2
    13 | D:5      | Reached XP level 3. HP: 26/26 MP: 3/3
   143 | D:5      | Reached XP level 4. HP: 15/31 MP: 4/4
   369 | D:5      | Noticed an ogre
   374 | D:5      | Demolished by an ogre

Illustrated notes

Levels and vault maps discovered:
D:5:      layout_loops_corners, cheibrodos_worm_habitat,
          okawaru_altar_gauntlet_db

Skill      XL: |  1 |
---------------+----+-----
Unarmed Combat | 4 |  4.1
Fighting       | |  3.0
Dodging        | |  2.0
Stealth        | |  6.6

Action                   |  1- 3 |  4- 6 || total
-------------------------+-------+-------++-------
Melee: Unarmed           |    19 |     3 ||    22
       Constrict         |     8 |       ||     8
       Tentacles         |     5 |       ||     5
       Punch             |     1 |       ||     1
 Stab: Sleeping          |     2 |       ||     2
Armor: Skin              |     1 |       ||     1
Dodge: Dodged            |    15 |     1 ||    16

Table legend: (Time is in decaauts)
 A = Elapsed time spent in this place.
 B = Non-inter-level travel time spent in this place.
 C = Inter-level travel time spent in this place.
 D = Time resting spent in this place.
 E = Time spent auto-exploring this place.
 F = Levels seen in this place.
 G = Mean time per level.
                   A        B        C        D        E       F      G
               +--------+--------+--------+--------+--------+-----+--------+
         Total |    372 |    372 |      0 |     91 |    240 |   1 |  372.0 |
       Dungeon |    372 |    372 |      0 |     91 |    240 |   1 |  372.0 |
               +--------+--------+--------+--------+--------+-----+--------+

Top non-repeatable levels by time:
     D:5: 372 daAuts
